 Dungeon Crawl Stone Soup version 0.24-a0-586-g8e0e932a4c (webtiles) character file.

Game seed: 5784703509713450183, levelgen mode: deterministic

41152 MordorOrchid the Spear-Bearer (level 14, -1/90 HPs)
             Began as an Octopode Fighter on Sept 8, 2019.
             Was the Champion of Cheibriados.
             Shot with an arrow by Nessos (15 damage)
             ... on level 5 of the Lair of Beasts.
             The game lasted 01:33:51 (13612 turns).

MordorOrchid the Spear-Bearer (Octopode Fighter)   Turns: 13612, Time: 01:33:51

Health: -1/90      AC:  2    Str: 30    XL:     14   Next: 14%
Magic:  12/23      EV: 22    Int: 35    God:    Cheibriados [******]
Gold:   1511       SH: 17    Dex: 27    Spells: 4/25 levels left

rFire    + . .     SeeInvis +   a - +3 trident (flame)
rCold    . . .     Gourm    .   b - +3 shield
rNeg     . . .     Faith    .   I - +1 hat
rPois    +         Spirit   .   (no amulet)
rElec    +         Reflect  .   h - ring of protection from fire
rCorr    .         Harm     .   p - ring of flight
MR       ++...                  e - ring of see invisible
Stlth    +++++.....             N - ring of protection from magic
HPRegen  0.25/turn              V - ring of Noseus Xiys {rElec rPois Slay+2}
MPRegen  0.18/turn              (no ring)
                                (no ring)
                                (no ring)

@: brilliant, very slow
A: almost no armour, stealthy swim, amphibious, 8 rings, constrict 8, camouflage
1, gelatinous body 1
a: Bend Time, Temporal Distortion, Slouch, Step From Time, Renounce Religion,
Evoke Flight


You were on level 5 of the Lair of Beasts.
You worshipped Cheibriados.
Cheibriados was exalted by your worship.
You were hungry.

You visited 2 branches of the dungeon, and saw 19 of its levels.
You also visited: Bailey.

You collected 1511 gold pieces.

Inventory:

Hand Weapons
 a - a +3 trident of flaming (weapon)
 j - a +4 hand crossbow
 y - a +4 dagger
 B - the +5 broad axe "Omelette" {freeze, rC+ Dex+4}
   (You found it on level 13 of the Dungeon)

   It has been specially enchanted to freeze those struck by it, causing extra
   injury to most foes and up to half again as much damage against particularly
   susceptible opponents.
   It can also slow down cold-blooded creatures.
   It affects your dexterity (+4).
   It protects you from cold.
Missiles
 f - 82 poisoned darts
 g - 93 boomerangs (quivered)
 i - 104 bolts
 z - 2 throwing nets
 P - 8 atropa-tipped darts
 R - 7 boomerangs of dispersal
 Y - 2 javelins
Armour
 b - a +3 shield (worn)
 I - a +1 hat (worn)
Jewellery
 e - a ring of see invisible (on tentacle)
 h - a ring of protection from fire (left tentacle)
 p - a ring of flight (right tentacle)
 E - an uncursed ring of ice
 N - a ring of protection from magic (on tentacle)
 T - an uncursed ring of fire
 V - the ring of Noseus Xiys (on tentacle) {rElec rPois Slay+2}
   (You found it on level 10 of the Dungeon)

   [ring of poison resistance]

   It affects your accuracy and damage with ranged weapons and melee attacks
   (+2).
   It insulates you from electricity.
   It protects you from poison.
Wands
 m - a wand of clouds (3)
 r - a wand of digging (10)
 s - a wand of iceblast (25)
 D - a wand of acid (6)
 G - a wand of polymorph (4)
 U - a wand of paralysis (3)
 X - a wand of flame (8)
 Z - a wand of disintegration (10)
Scrolls
 c - 12 scrolls of teleportation
 l - a scroll of fear
 t - a scroll of magic mapping
 u - 6 scrolls of remove curse
 v - 3 scrolls of identify
 A - 4 scrolls of fog
 C - 5 scrolls of immolation
 F - 6 scrolls of amnesia
 M - a scroll of blinking
Potions
 k - 4 potions of ambrosia
 n - 2 potions of invisibility
 o - 6 potions of heal wounds
 q - 13 potions of curing
 w - 11 potions of magic
 K - a potion of might
 L - 3 potions of lignification
 Q - 2 potions of agility
Miscellaneous
 x - a sack of spiders
 H - a phial of floods
 J - a lamp of fire
 O - a phantom mirror
 W - a box of beasts
Comestibles
 d - 49 rations


   Skills:
 - Level 6.0 Fighting
 - Level 13.0 Polearms
 - Level 5.0 Throwing
 * Level 9.0 Dodging
 - Level 6.0 Stealth
 * Level 10.3 Shields
 - Level 6.0 Spellcasting
 - Level 4.0 Conjurations
 - Level 3.3 Hexes
 * Level 3.5 Summonings
 * Level 1.3 Translocations
 - Level 3.0 Fire Magic
 - Level 4.0 Air Magic
 - Level 2.0 Poison Magic
 - Level 6.0 Invocations
 - Level 6.0 Evocations


You had 4 spell levels left.
You knew the following spells:

 Your Spells              Type           Power        Failure   Level  Hunger
c - Conjure Flame         Conj/Fire      ######..     1%          3    None
e - Dazzling Spray        Conj/Hex       ######       1%          3    None
g - Mephitic Cloud        Conj/Pois/Air  ######..     1%          3    None
j - Summon Lightning Spi  Summ/Air       ######..     1%          4    ##.....
p - Poisonous Vapours     Pois/Air       ######       1%          2    None
x - Blink                 Tloc           N/A          1%          2    None
J - Fulminant Prism       Conj/Hex       ######....   1%          4    ##.....

Your spell library contained the following spells:

 Spells                   Type           Power        Failure   Level  Hunger
 Corona                   Hex            ######.      1%          1    None
 Magic Dart               Conj           ####         1%          1    None
 Summon Small Mammal      Summ           ####         1%          1    None
 Call Imp                 Summ           ######..     1%          2    None
 Ensorcelled Hibernation  Hex/Ice        #####.       1%          2    None
 Searing Ray              Conj           ######       1%          2    None
 Slow                     Hex            ######..     1%          2    None
 Call Canine Familiar     Summ           ######..     1%          3    None
 Confuse                  Hex            ######..     1%          3    None
 Spider Form              Tmut/Pois      #####.....   1%          3    None
 Summon Guardian Golem    Hex/Summ       ######..     1%          3    None
 Tukima's Dance           Hex            ######..     1%          3    None
 Iskenderun's Mystic Bla  Conj           ######..     1%          4    ##.....
 Ozocubu's Armour         Chrm/Ice       ####....     2%          3    None
 Cause Fear               Hex            ######....   2%          4    ##.....
 Force Lance              Conj/Tloc      ######..     2%          4    ##.....
 Summon Ice Beast         Ice/Summ       #####...     4%          4    ##.....
 Ice Form                 Ice/Tmut       ####....     8%          4    ##.....
 Silence                  Hex/Air        ######....   4%          5    ####...
 Venom Bolt               Conj/Pois      ######....   6%          5    ####...
 Yara's Violent Unravell  Hex/Tmut       #####.....   11%         5    ####...
 Freezing Cloud           Conj/Ice/Air   ######....   32%         6    ######.
 Deflect Missiles         Chrm/Air       #####.....   38%         6    ######.
 Monstrous Menagerie      Summ           ######....   71%         7    #######
 Summon Greater Demon     Summ           ######....   71%         7    #######
 Malign Gateway           Summ/Tloc      #####.....   83%         7    #######
 Ring of Flames           Chrm/Fire      #####.....   91%         7    #######
 Summon Horrible Things   Summ           ######....   99%         8    #######
 Discord                  Hex            ######....   100%        8    #######


Dungeon Overview and Level Annotations

Branches:
Dungeon (14/15)            Temple (0/1) D:6            Lair (5/6) D:9
 Shoals (0/4) Lair:2        Snake (0/4) Lair:2          Orc (0/2) D:10
 Vaults (0/5) D:13         Bailey (visited)
  Slime: Lair:5-6

Altars:
Ashenzari
Cheibriados
Fedhas
Gozag
Kikubaaqudgha
Okawaru
Qazlal
Ru
Trog
Wu Jian
Yredelemnul
Zin
The Shining One

Shops:
D:8 (

Annotations:
D:4 1 runed translucent door
D:8 exclusion: upstairs
Lair:2 Nergalle
Lair:5 exclusion: 2 oklob plants, Nessos


Innate Abilities, Weirdness & Mutations

You cannot wear most types of armour.
You are very stealthy in the water. (Stealth+)
You are amphibious.
You can wear up to eight rings at the same time.
You can use your tentacles to constrict eight enemies at once.
Your skin changes colour to match your surroundings (Stealth+).
Your rubbery body absorbs attacks. (AC +1, EV +1)


Message History

You hear a bellow!
You see here an arrow.
The flow of time bends around you.
Cheibriados rebukes the six-headed hydra.
The six-headed hydra seems to slow down.
You feel slightly more hungry.
You impale the six-headed hydra!! You burn the six-headed hydra!
The six-headed hydra is heavily wounded.
Nessos blinks!
You block the six-headed hydra's attack.
The six-headed hydra misses you. The six-headed hydra barely misses you.
The six-headed hydra completely misses you.
You block the six-headed hydra's attack.
The six-headed hydra completely misses you.
Nessos shoots an arrow.
The arrow hits you!!
* * * LOW HITPOINT WARNING * * *
The arrow burns you.
* * * LOW HITPOINT WARNING * * *
Nessos shoots an arrow.
The arrow hits you!
You die...

.........#.....#.#..##.#
.c.........#.....#......
.........#...♣.....###.#
.......§.......#.### #..
.........#.#...#.# ###
.........##.....##
.......D((###+†##
...#♣#(##.8....# .
♣@.#.##..#..#
.........#............
...#♣.>..+...♣...+..<.♣
#.....#.......#.....
##.♣.##.#.##..# .♣..
#♣...##... ..# # # ...
##+.##. ..# .. ..


You could see Nessos and a six-headed hydra.

Vanquished Creatures
  A fire dragon (D:13)
  2 centaur warriors (D:13)
  2 vault guards (D:13)
  An ice dragon (D:13)
  2 two-headed ogres (D:13)
  3 death yaks (D:9)
  A tengu warrior (D:13)
  An unseen horror (D:11)
  Pikel (D:4)
  3 wizards (D:13)
  A necromancer (D:13)
  An orc knight (Bailey)
  The ghost of Leibowitz the Firebug, a novice DgFE (D:6)
  A cyclops (D:13)
  A manticore (Lair:2)
  An ugly thing (D:11)
  2 gargoyles
  A black mamba (Lair:1)
  11 spiny frogs
  A kobold demonologist (D:13)
  2 centaur skeletons
  3 rime drakes
  6 trolls
  A hornet (D:13)
  2 blink frogs
  Grinder (D:5)
  8 hippogriffs
  Sigmund (D:5)
  A redback (shapeshifter) (D:11)
  A wraith (D:11)
  A shadow (D:11)
  20 yaks
  3 hogs (D:10)
  3 wyverns
  3 basilisks
  20 humans
  5 water moccasins
  An acid dragon (D:11)
  Duvessa (D:7)
  11 porcupines
  9 sky beasts
  6 orc warriors
  3 ice beasts
  2 black bears
  An eye of draining (D:11)
  A slave (D:5)
  A necrophage (D:12)
  8 wolves
  4 phantoms
  9 ogres
  15 centaurs
  11 crocodiles
  Blork the orc (D:5)
  4 big kobolds
  16 bullfrogs
  A wyvern zombie (D:11)
  Dowan (D:7)
  4 scorpions
  A water moccasin zombie (D:4)
  A wyvern skeleton (D:13)
  A killer bee (D:11)
  8 wights
  3 electric eels
  5 howler monkeys
  7 crimson imps
  3 jellies
  5 orc priests
  5 hounds
  2 bullfrog skeletons
  9 orc wizards
  3 iguanas
  7 worker ants
  2 hell rats (D:9)
  2 hound skeletons (D:6)
  3 worker ant zombies
  21 gnolls
  14 adders
  2 river rats (D:9)
  4 shadow imps
  3 oozes
  2 adder zombies
  3 dart slugs
  4 worms
  8 leopard geckos
  48 orcs
  6 bats
  8 giant cockroaches
  5 goblins
  13 hobgoblins
  19 jackals
  32 kobolds
  10 quokkas
  5 frilled lizards
  A goblin zombie (D:4)
  A kobold skeleton (D:4)
  A kobold zombie (D:4)
  A leopard gecko skeleton (D:4)
  2 quokka skeletons
  9 rats
518 creatures vanquished.

Vanquished Creatures (collateral kills)
  2 blink frogs (Lair:3)
2 creatures vanquished.

Vanquished Creatures (others)
  A shadow (D:13)
  A slave (D:5)
  2 jackals
  A fulminant prism (Lair:5)
  4 fungi
  3 plants
12 creatures vanquished.

Grand Total: 532 creatures vanquished

Notes
Turn   | Place    | Note
-------+----------+-------------------------------------------
     0 | D:1      | MordorOrchid the Octopode Fighter began the quest for the
                  | Orb.
     0 | D:1      | Reached XP level 1. HP: 16/16 MP: 1/1
   344 | D:1      | Reached XP level 2. HP: 21/21 MP: 2/2
   570 | D:1      | You fall into a shaft and drop 1 floor!
   573 | D:2      | Found a glowing golden altar of the Shining One.
   825 | D:2      | Found a snail-covered altar of Cheibriados.
   826 | D:2      | Noticed an ice beast
   834 | D:2      | Killed an ice beast
   834 | D:2      | Reached skill level 3 in Polearms
   834 | D:2      | Reached XP level 3. HP: 12/26 MP: 3/3
   834 | D:2      | Reached XP level 4. HP: 14/31 MP: 4/4
   871 | D:2      | Found a shattered altar of Ashenzari.
  1038 | D:2      | Reached XP level 5. HP: 34/36 MP: 5/5
  1300 | D:2      | Became a worshipper of Cheibriados the Contemplative
  1405 | D:3      | Found a glowing silver altar of Zin.
  1633 | D:3      | Reached * piety under Cheibriados
  1835 | D:3      | Found a bloodstained altar of Trog.
  2001 | D:3      | Reached skill level 4 in Polearms
  2001 | D:3      | Reached skill level 1 in Stealth
  2001 | D:3      | Reached XP level 6. HP: 41/42 MP: 6/6
  2118 | D:3      | Reached skill level 1 in Invocations
  2303 | D:4      | Found a runed translucent door.
  2303 | D:4      | Noticed a human
  2311 | D:4      | Found a basalt altar of Yredelemnul.
  2316 | D:4      | Noticed a phantom
  2362 | D:3      | Killed a phantom
  2362 | D:3      | Reached skill level 5 in Polearms
  2398 | D:4      | Reached XP level 7. HP: 44/46 MP: 8/8
  2430 | D:4      | Reached ** piety under Cheibriados
  2473 | D:4      | Found an ancient bone altar of Kikubaaqudgha.
  2997 | D:5      | Entered Level 5 of the Dungeon
  3047 | D:5      | Reached skill level 6 in Polearms
  3065 | D:5      | Noticed Blork the orc
  3082 | D:5      | Reached XP level 8. HP: 36/52 MP: 9/9
  3105 | D:5      | Killed Blork the orc
  3105 | D:5      | Reached *** piety under Cheibriados
  3110 | D:5      | Noticed Sigmund
  3121 | D:5      | Killed Sigmund
  3125 | D:5      | Noticed Pikel
  3216 | D:4      | Killed Pikel
  3216 | D:4      | Reached skill level 7 in Polearms
  3216 | D:4      | Reached skill level 5 in Dodging
  3216 | D:4      | Reached skill level 5 in Shields
  3446 | D:5      | Reached skill level 5 in Stealth
  3447 | D:5      | Noticed Grinder
  3453 | D:5      | Killed Grinder
  3453 | D:5      | Reached skill level 8 in Polearms
  3453 | D:5      | Reached skill level 1 in Evocations
  3453 | D:5      | Reached XP level 9. HP: 52/56 MP: 11/11
  3818 | D:5      | Learned a level 4 spell: Fulminant Prism
  3861 | D:6      | Found a staircase to the Ecumenical Temple.
  4110 | D:6      | Found a stormy altar of Qazlal.
  4144 | D:6      | Reached skill level 1 in Conjurations
  4144 | D:6      | Reached skill level 1 in Hexes
  4197 | D:6      | Found a large runed translucent door.
  4197 | D:6      | Found a large runed translucent door.
  4198 | D:6      | Noticed Leibowitz's ghost (novice DgFE)
  4221 | D:6      | Reached skill level 1 in Spellcasting
  4577 | D:6      | Killed Leibowitz's ghost
  4749 | D:7      | Reached **** piety under Cheibriados
  4762 | D:7      | Noticed Duvessa
  4768 | D:7      | Noticed Dowan
  4773 | D:7      | Killed Duvessa
  4784 | D:7      | Killed Dowan
  5035 | D:7      | Reached XP level 10. HP: 54/63 MP: 13/13
  5077 | D:7      | Reached skill level 9 in Polearms
  5539 | D:7      | Learned a level 3 spell: Dazzling Spray
  5542 | D:7      | Learned a level 2 spell: Poisonous Vapours
  5546 | D:7      | Learned a level 3 spell: Conjure Flame
  5880 | D:8      | You fall into a shaft and drop 2 floors!
  5880 | D:10     | Entered Level 10 of the Dungeon
  5882 | D:10     | Reached skill level 1 in Poison Magic
  6047 | D:10     | Reached skill level 1 in Fire Magic
  6082 | D:10     | Reached ***** piety under Cheibriados
  6110 | D:10     | Reached skill level 1 in Air Magic
  6434 | D:8      | Reached skill level 10 in Polearms
  6441 | D:8      | Found an iron altar of Okawaru.
  6475 | D:7      | Found an opulent altar of Gozag.
  6704 | D:8      | Found Nuorgh's Weapon Boutique.
  6924 | D:8      | Reached XP level 11. HP: 59/67 MP: 15/15
  6957 | D:8      | Learned a level 3 spell: Mephitic Cloud
  7001 | D:9      | Noticed a death yak
  7061 | D:9      | Found an ornate altar of the Wu Jian Council.
  7061 | D:9      | Found a basalt altar of Yredelemnul.
  7062 | D:9      | Found a stormy altar of Qazlal.
  7082 | D:9      | Found a blossoming altar of Fedhas.
  7293 | D:9      | Noticed a death yak
  7300 | D:9      | Noticed a death yak
  7307 | D:9      | Killed a death yak
  7313 | D:9      | Killed a death yak
  7321 | D:9      | Killed a death yak
  7350 | D:9      | Found a staircase to the Lair.
  7418 | D:9      | Found a snail-covered altar of Cheibriados.
  7589 | D:10     | Got a bound marble ring
  7592 | D:10     | Identified the ring of Noseus Xiys {rElec rPois Slay+2}
                  | (You found it on level 10 of the Dungeon)
  7739 | D:10     | Reached ****** piety under Cheibriados
  7770 | D:10     | Found an ornate altar of the Wu Jian Council.
  7886 | D:10     | Reached skill level 11 in Polearms
  7948 | D:10     | Found a staircase to the Orcish Mines.
  9027 | D:11     | Noticed a cyan ugly thing
  9043 | D:11     | Killed a cyan ugly thing
  9043 | D:11     | Reached skill level 5 in Invocations
  9135 | D:11     | Reached XP level 12. HP: 62/74 MP: 17/17
  9609 | D:12     | Reached skill level 5 in Evocations
  9773 | D:13     | Noticed a two-headed ogre
  9815 | D:13     | Noticed a two-headed ogre
  9818 | D:13     | Noticed a centaur warrior
  9818 | D:13     | Noticed a tengu warrior
  9824 | D:13     | Killed a centaur warrior
  9828 | D:13     | Reached skill level 12 in Polearms
  9830 | D:13     | Killed a two-headed ogre
  9832 | D:13     | Noticed a centaur warrior
  9832 | D:13     | HP: 3/75 [tengu warrior/+2 great sword (3)]
  9836 | D:13     | Killed a tengu warrior
  9836 | D:13     | Noticed a fire dragon
  9837 | D:13     | Killed a centaur warrior
  9843 | D:13     | Killed a fire dragon
  9845 | D:13     | Reached skill level 5 in Fighting
  9887 | D:13     | Found a flagged portal.
  9997 | Bailey   | Entered a bailey
 10244 | D:13     | Learned a level 4 spell: Summon Lightning Spire
 10381 | D:13     | Reached XP level 13. HP: 81/81 MP: 16/20
 10403 | D:13     | Reached skill level 1 in Throwing
 10403 | D:13     | Reached skill level 5 in Spellcasting
 10435 | D:13     | Noticed a vault guard
 10450 | D:13     | Killed a vault guard
 10604 | D:13     | Noticed a vault guard
 10617 | D:13     | Paralysed by a wizard for 3 turns
 10620 | D:13     | Reached skill level 1 in Summonings
 10637 | D:13     | Killed a vault guard
 10644 | D:13     | Reached skill level 13 in Polearms
 10670 | D:13     | Found a gate to the Vaults.
 10686 | D:13     | Identified a scroll of acquirement
 10829 | D:13     | Noticed an ice dragon
 10842 | D:13     | Killed an ice dragon
 10857 | D:13     | Got a crude broad axe
 10860 | D:13     | Identified Vopiwidd's Catalogue of the Snowflakes and Venom
 10866 | D:13     | Identified the +5 broad axe "Omelette" {freeze, rC+ Dex+4}
                  | (You found it on level 13 of the Dungeon)
 11110 | Lair:1   | Entered Level 1 of the Lair of Beasts
 11516 | Lair:1   | You fall into a shaft and drop 1 floor!
 11730 | Lair:2   | Found a staircase to the Snake Pit.
 11786 | Lair:2   | Noticed Nergalle
 11820 | Lair:2   | You fall into a shaft and drop 1 floor!
 11888 | Lair:2   | Found a staircase to the Shoals.
 12534 | Lair:3   | Learned a level 2 spell: Blink
 12601 | Lair:3   | Reached XP level 14. HP: 90/90 MP: 14/22
 12608 | Lair:3   | Reached skill level 10 in Shields
 12893 | Lair:4   | Reached skill level 5 in Throwing
 13055 | Lair:4   | Reached skill level 1 in Translocations
 13305 | Lair:5   | Found a sacrificial altar of Ru.
 13579 | Lair:5   | Noticed Nessos
 13612 | Lair:5   | Shot with an arrow by Nessos

Levels and vault maps discovered:
D:1:      lemuel_arrival_funnel, layout_loops_cross, minmay_door_square
D:2:      layout_basic, nicolae_overflow_hidden_temple, tso_metal_star,
          first_ration, serial_park_tiny_2, kennysheep_slug_shrine
D:3:      layout_basic, lemuel_doored_altar, bloody_trog,
          minmay_splitting_lines, kennysheep_generic_room_12
D:4:      layout_cave_pools, kiku_gazebo_pond_becter, dk_yredelemnul_ordeal
D:5:      layout_cave_pools, uniq_blork_the_orc, uniq_sigmund, uniq_pikel,
          uniq_grinder
D:6:      layout_loops_ring, minmay_temple_entry_grid,
          ebering_ghost_disaster_area, nicolae_qazlal_general_emergency
D:7:      lemuel_upstairs_altar, layout_loops_ring, uniq_duvessa
D:8:      layout_gridville, serial_shops, shop, okawaru_metal_pillars_3
D:9:      layout_cave_pools, kennysheep_little_box,
          nicolae_overflow_quartered_altars, dpeg_lair_monsters
D:10:     layout_layer_cave, orc_0_dummy, basic_altar, grunt_livestock
D:11:     minmay_the_grid_four_pointed_star_mashed
          [minmay_the_grid_triangle_9x9_windchime,
          minmay_the_grid_triangle_9x9_thin_v,
          minmay_the_grid_triangle_9x9_zippers_vertical,
          minmay_the_grid_triangle_9x9_stretched_checkered,
          minmay_the_grid_prize_diamond_cup], layout_loops_ring
D:12:     layout_cave_pools
D:13:     dragon1_lemuel, layout_loops_cross, grunt_vaults_entry_tiered,
          enter_bailey_8, wad_floor_pattern_1
D:14:     layout_rooms, minmay_misc_feat_roman, uniq_azrael
Lair:1:   cheibrodos_lair_river_kwai, layout_regular_city, grunt_megastairs_5
Lair:2:   layout_regular_city, minmay_shoals_entry_beasts, dummy_snake_entry,
          infiniplex_staircase_pool, uniq_nergalle
Lair:3:   layout_small_grid
Lair:4:   layout_regular_city, eino_house_with_fridge
Lair:5:   layout_cave_shapes, minmay_slime_entry_oklob_open, basic_altar,
          st_stairs_11, minivault_27, nicolae_quartered_pool_super,
          serial_bayou_ford_a, grunt_megastairs_1, lemuel_fruit_tree,
          uniq_nessos

Skill      XL: |  1  2  3  4  5  6  7  8  9 10 11 12 13 14 |
---------------+-------------------------------------------+-----
Polearms       | 3 4 5 6 8 10 11 12 13 | 13.0
Dodging        | 4 5 6 7 8 9 |  9.0
Shields        | 4 5 6 7 8 9 10 | 10.3
Stealth        | 1 2 3 5 6 |  6.0
Invocations    | 1 2 3 4 5 6 |  6.0
Evocations     | 1 2 3 4 5 6 |  6.0
Conjurations   | 2 3 4 |  4.0
Hexes          | 2 3 |  3.3
Spellcasting   | 2 3 4 5 6 |  6.0
Poison Magic   | 2 |  2.0
Fire Magic     | 1 3 |  3.0
Air Magic      | 1 2 3 4 |  4.0
Fighting       | 5 6 |  6.0
Throwing       | 4 5 |  5.0
Summonings     | 3 |  3.5
Translocations | 1 |  1.3

Action                   |  1- 3 |  4- 6 |  7- 9 | 10-12 | 13-15 || total
-------------------------+-------+-------+-------+-------+-------++-------
Melee: Trident           |    28 |   108 |   209 |   623 |   284 ||  1252
       Constrict         |     5 |    27 |    42 |    88 |    47 ||   209
       Tentacles         |     2 |    23 |    44 |   198 |   106 ||   373
       Short sword       |       |       |       |     1 |       ||     1
Throw: Dart              |    15 |    42 |    31 |     8 |       ||    96
       Boomerang         |       |    16 |    47 |    89 |    68 ||   220
 Cast: Conjure Flame     |       |       |       |     3 |     2 ||     5
       Mephitic Cloud    |       |       |       |     3 |    11 ||    14
       Summon Lightning  |       |       |       |       |     2 ||     2
       Fulminant Prism   |       |       |       |       |     1 ||     1
Invok: Bend Time         |       |     2 |     1 |     9 |     4 ||    16
Evoke: Wand              |       |       |     8 |    18 |     9 ||    35
  Use: Potion            |     1 |       |     5 |     2 |     1 ||     9
       Scroll            |       |     4 |    14 |    10 |     9 ||    37
 Stab: Sleeping          |     1 |     3 |    10 |    19 |    25 ||    58
       Distracted        |       |     1 |     2 |     6 |     3 ||    12
       Invisible         |       |       |     3 |     2 |       ||     5
       Confused          |       |       |       |     8 |    17 ||    25
       Paralysed         |       |       |       |     6 |     3 ||     9
  Eat: Chunk             |       |     4 |     4 |    12 |     7 ||    27
Armor: Skin              |     3 |     4 |       |     2 |       ||     9
Dodge: Dodged            |     6 |    46 |    51 |   134 |    64 ||   301
Block: Shield            |     9 |    49 |    70 |   238 |   108 ||   474
       Buckler           |       |       |       |     1 |       ||     1

Table legend:
 A = Non-vault XP
 B = Vault XP
 C = Vault XP percentage of total XP
 D = Non-vault monster count
 E = Vault monster count
 F = Vault count percentage of total count
                 A         B        C        D         E       F
            +---------+---------+-------+---------+---------+-------
      Total |   36184 |   22605 |  38.5 |     406 |     115 |  22.1
            +---------+---------+-------+---------+---------+-------
        D:1 |      17 |       0 |   0.0 |       9 |       0 |   0.0
        D:2 |     172 |       4 |   2.3 |      18 |       1 |   5.3
        D:3 |     406 |       1 |   0.2 |      38 |       1 |   2.6
        D:4 |     486 |     654 |  57.4 |      27 |       4 |  12.9
        D:5 |     234 |     589 |  71.6 |      15 |       3 |  16.7
        D:6 |     847 |     565 |  40.0 |      18 |       1 |   5.3
        D:7 |     991 |     229 |  18.8 |      38 |       2 |   5.0
        D:8 |    2081 |       0 |   0.0 |      29 |       0 |   0.0
        D:9 |    1844 |    2530 |  57.8 |      27 |      11 |  28.9
       D:10 |    3392 |     869 |  20.4 |      31 |       5 |  13.9
       D:11 |    2071 |    3109 |  60.0 |      33 |      14 |  29.8
       D:12 |    1783 |       0 |   0.0 |      15 |       0 |   0.0
       D:13 |    9548 |    9332 |  49.4 |      38 |      26 |  40.6
     Lair:1 |    3220 |    2449 |  43.2 |      13 |       9 |  40.9
     Lair:2 |    3329 |     788 |  19.1 |      21 |       2 |   8.7
     Lair:3 |    2529 |       0 |   0.0 |      15 |       0 |   0.0
     Lair:4 |    2571 |       0 |   0.0 |      14 |       0 |   0.0
     Lair:5 |     663 |     674 |  50.4 |       7 |       2 |  22.2
     Bailey |       0 |     812 | 100.0 |       0 |      34 | 100.0
            +---------+---------+-------+---------+---------+-------
